 Dungeon Crawl Stone Soup version 0.28.0-53-g5a82cb258f (webtiles) character file.

Game seed: 1998906956178218423

1860 LynnLen the Covert (level 8, -3/52 HPs)
             Began as a Vampire Enchanter on Aug 8, 2022.
             Slain by an orc
             ... wielding a +1 whip of electrocution
              (21 damage)
             ... on level 6 of the Dungeon.
             The game lasted 00:20:04 (5867 turns).

LynnLen the Covert (Vampire Enchanter)              Turns: 5867, Time: 00:20:05

Health: -3/52      AC: 11    Str: 12    XL:     8   Next: 89%
Magic:  17/20      EV: 12    Int: 18    God:
Gold:   199        SH:  4    Dex: 19    Spells: 8/11 levels left

rFire   . . .      SeeInvis +   d - +3 dagger (drain)
rCold   . . .      Faith    .   p - +0 buckler
rNeg    . . .      Spirit   .   s - +0 leather armour of the Oily Slorg {Harm Str+5 Dex+3 Stlth+}
rPois   .          Reflect  .   r - +1 helmet "Kunk" {Rampage MP+9}
rElec   .          Harm     +   i - +2 cloak
rCorr   .          Rampage  +   (no gloves)
Will    .....                   f - +2 pair of boots
Stlth   ++++++....              (no amulet)
HPRegen 0.37/turn               (no ring)
MPRegen 0.17/turn               (no ring)

@: confusing by touch, healing quickly
A: alive, fangs 3, see invisible, vampiric 2
a: Exsanguinate


You were on level 6 of the Dungeon.
You visited 1 branch of the dungeon, and saw 6 of its levels.
You also visited: Sewer.

You collected 199 gold pieces.

Inventory:

Hand Weapons
 a - a +1 dagger
 d - a +3 dagger of draining (weapon)
 q - a +0 hunting sling
Missiles
 c - 120 stones
 h - 5 poisoned darts
 j - 5 atropa-tipped darts
 C - 2 boomerangs of dispersal
Armour
 f - a +2 pair of boots (worn)
 i - a +2 cloak (worn)
 p - a +0 buckler (worn)
 r - the +1 helmet "Kunk" (worn) {Rampage MP+9}
   (You acquired it on level 4 of the Dungeon)

   MP:        It affects your magic capacity (+9).
   Rampage:   It bestows one free step when moving towards enemies.
 s - the +0 leather armour of the Oily Slorg (worn) {Harm Str+5 Dex+3 Stlth+}
   (You found it on level 4 of the Dungeon)

   Str:       It affects your strength (+5).
   Dex:       It affects your dexterity (+3).
   Harm:      It increases damage dealt and taken.
   Stlth:     It makes you more stealthy.
 t - the +0 helmet of the Lizard {rN+ Str+4}
   (You took it off Robin on level 4 of the Dungeon)

   Str:       It affects your strength (+4).
   rN:        It protects you from negative energy.
Jewellery
 A - an amulet of faith
Wands
 y - a wand of paralysis (13)
 B - a wand of mindburst (13)
Scrolls
 e - 2 scrolls of fear
 m - a scroll of teleportation
 u - a scroll of noise {unknown}
 x - a scroll of summoning
Potions
 k - 2 potions of haste
 l - 3 potions of curing
 n - 2 potions of mutation
 o - a potion of brilliance {unknown}
 w - a potion of heal wounds {unknown}
 z - a potion of flight {unknown}


   Skills:
 - Level 10.3 Short Blades
 * Level 2.2 Dodging
 + Level 11.1 Stealth
 * Level 2.0 Spellcasting
 + Level 4.4 Hexes


You had 8 spell levels left.
You knew the following spells:

 Your Spells              Type           Power      Damage    Failure   Level
a - Confusing Touch       Hex            17%        N/A       16%         3

Your spell library contained the following spells:

 Spells                   Type           Power      Damage    Failure   Level
 Tukima's Dance           Hex            17%        N/A       16%         3
 Ensorcelled Hibernation  Hex/Ice        18%        N/A       21%         2
 Dazzling Flash           Conj/Hex       18%        N/A       36%         3


Dungeon Overview and Level Annotations

Branches:
Dungeon (6/15)              Sewer (visited)
 Temple: D:4-7

Altars:
Xom

Shops:
D:1 [

Annotations:
D:6 Dowan


Innate Abilities, Weirdness & Mutations

Your natural rate of healing is accelerated.
You have razor-sharp teeth.
You have supernaturally acute eyesight. (SInv)
You are afflicted with vampirism and can become a bat while bloodless.


Message History

You hit the phantom. Your bite misses the phantom.
The phantom is moderately damaged.
The phantom closely misses you.
You hit the phantom.
The phantom is heavily damaged.
You hit the phantom.
The phantom is severely damaged.
The phantom hits you.
You closely miss the phantom.
The phantom is severely damaged.
You hit the phantom.
The phantom is severely damaged.
The phantom misses you.
You hit the phantom. Your bite misses the phantom.
The phantom is severely damaged.
The phantom barely misses you.
You hit the phantom but do no damage. You bite the phantom!
You destroy the phantom!
Okay, then.
You start resting.
HP restored.
An orc wizard comes into view. It is wielding a +0 dagger.
Found 13 gold pieces.
An orc warrior comes into view.
It is wielding a +2 war axe of electrocution.
An orc comes into view.
It is wielding a +1 whip of electrocution.
You rampage towards the orc wizard!
The helpless orc wizard fails to defend itself.
You skewer the orc wizard like a kebab!!!!
You kill the orc wizard!
The orc warrior shouts!
The orc shouts!
You hit the orc warrior but do no damage.
Casting: Confusing Touch (dangerous; 16% risk of failure)
Press: ? - help, Q - select action, (/) - cycle Dir - look around, f - activate Your hands begin to glow red.
The orc warrior barely misses you.
You hit the orc warrior but do no damage.
The orc warrior hits you with a +2 war axe of electrocution!
You are electrocuted!!
The orc hits you but does no damage.
You are electrocuted!!
You die...

#.#
#######.#.####
...
.............#
######.######
#####.####
#........#
#........#
#........#
#...)...$#
#.....@..#
#.....oo.#
..............
###........####
#........#
##.####### #. #


You could see an orc warrior and an orc.

Vanquished Creatures
  Maggie (D:6)
  Grinder (D:4)
  Eustachio (D:6)
  Edmund (D:5)
  Duvessa (D:6)
  An ice beast (D:5)
  A hornet zombie (D:5)
  A phantom (D:6)
  A water moccasin zombie (D:5)
  A water moccasin skeleton (D:6)
  Crazy Yiuf (D:4)
  A bullfrog skeleton (D:5)
  A gnoll shaman (D:3)
  A hound (D:5)
  3 iguanas
  An orc wizard (D:6)
  Ijyb (D:5)
  A hell rat (Sewer)
  Natasha (D:2)
  A hound zombie (D:5)
  A hound skeleton (D:4)
  Robin (D:4)
  7 gnolls
  2 river rats (Sewer)
  11 adders
  An ufetubus (D:4)
  An adder skeleton (D:4)
  A worm (D:2)
  6 dart slugs
  3 orcs
  8 ball pythons
  3 bats
  10 endoplasms
  9 giant cockroaches
  14 goblins
  9 hobgoblins
  12 jackals
  8 quokkas
  A frilled lizard (D:2)
  4 kobolds
  11 rats
145 creatures vanquished.

Notes
Turn   | Place    | Note
-------+----------+-------------------------------------------
     0 | D:1      | LynnLen the Vampire Enchanter began the quest for the Orb.
     0 | D:1      | Reached XP level 1. HP: 13/13 MP: 3/3
    72 | D:1      | Found Zoituorr's Antique Armour Shop.
    88 | D:1      | Reached XP level 2. HP: 17/19 MP: 5/5
   383 | D:1      | Reached skill level 5 in Stealth
   446 | D:1      | Gained mutation: You are afflicted with vampirism and can
                  | become a bat while bloodless. [Vampire growth]
   446 | D:1      | Reached XP level 3. HP: 24/24 MP: 6/6
   984 | D:2      | Learned a level 3 spell: Confusing Touch
  1275 | D:2      | Found a faded altar of an unknown god.
  1276 | D:2      | Noticed a great orb of eyes
  1277 | D:2      | Noticed a golden eye
  1287 | D:2      | Noticed a shining eye
  1287 | D:2      | Noticed a great orb of eyes
  1324 | D:2      | Found a shimmering altar of Xom.
  1530 | D:2      | Reached XP level 4. HP: 30/30 MP: 7/7
  1778 | D:2      | Noticed Natasha
  1784 | D:2      | Killed Natasha
  1785 | D:2      | Reached skill level 6 in Stealth
  2008 | D:3      | Found a glowing drain.
  2059 | Sewer    | Entered a sewer
  2144 | Sewer    | Reached XP level 5. HP: 35/35 MP: 8/8
  2531 | D:3      | Reached skill level 5 in Short Blades
  3026 | D:4      | Reached XP level 6. HP: 33/41 MP: 6/9
  3108 | D:4      | Reached skill level 7 in Stealth
  3246 | D:4      | Found a runed translucent door.
  3247 | D:4      | Noticed Crazy Yiuf
  3254 | D:4      | Killed Crazy Yiuf
  3832 | D:4      | Noticed Grinder
  3864 | D:4      | Identified a scroll of acquirement
  3864 | D:4      | Acquired the +1 helmet "Kunk" {Rampage MP+9}
  3972 | D:4      | Killed Grinder
  3973 | D:4      | Reached skill level 8 in Stealth
  3973 | D:4      | Reached XP level 7. HP: 32/46 MP: 10/10
  4224 | D:4      | Identified the +0 helmet of the Lizard {rN+ Str+4}
  4224 | D:4      | Noticed Robin
  4366 | D:4      | Identified the +0 leather armour of the Oily Slorg {Harm
                  | Str+5 Dex+3 Stlth+}
  4404 | D:4      | Killed Robin
  4536 | D:5      | Entered Level 5 of the Dungeon
  4933 | D:5      | Noticed Ijyb
  4941 | D:5      | Killed Ijyb
  5057 | D:5      | Reached skill level 9 in Stealth
  5153 | D:5      | Reached XP level 8. HP: 10/52 MP: 11/11
  5468 | D:5      | Noticed Edmund
  5471 | D:5      | Killed Edmund
  5731 | D:6      | Noticed Eustachio
  5759 | D:6      | Noticed Duvessa
  5760 | D:6      | Killed Eustachio
  5761 | D:6      | Reached skill level 10 in Stealth
  5784 | D:6      | Killed Duvessa
  5787 | D:6      | Noticed Dowan
  5802 | D:6      | Noticed Maggie
  5805 | D:6      | Killed Maggie
  5806 | D:6      | Reached skill level 10 in Short Blades
  5806 | D:6      | Reached skill level 11 in Stealth
  5867 | D:6      | Slain by an orc

Illustrated notes

Levels and vault maps discovered:
D:1:      elethiomel_arrival_shortcut, layout_loops_ring, serial_shops, shop
D:2:      minmay_diamond_boxcup, layout_loops_corners, basic_altar,
          hellmonk_ecumenical_altar_watching_god, uniq_natasha
D:3:      layout_basic, gup_sewer_entry_pipe, st_stairs_13
D:4:      layout_loops_corners, uniq_crazy_yiuf_cottage, uniq_robin,
          uniq_grinder
D:5:      layout_cave_pods, uniq_edmund, uniq_ijyb
D:6:      layout_basic, minmay_temple_entry_slanted, kennysheep_flooded_box,
          nicolae_elevator_lobby_asterisk, uniq_maggie, uniq_pikel,
          uniq_duvessa, uniq_eustachio

Skill      XL: |  1  2  3  4  5  6  7  8 |
---------------+-------------------------+-----
Short Blades   | 2 3 4 5 7 8 10 | 10.3
Stealth        | 5 6 8 9 11 | 11.1
Dodging        | |  2.2
Spellcasting   | |  2.0
Hexes          | |  4.4

Action                   |  1- 3 |  4- 6 |  7- 9 || total
-------------------------+-------+-------+-------++-------
Melee: Dagger            |    91 |   247 |   115 ||   453
       Bite              |     6 |    21 |    12 ||    39
       Punch             |     1 |     3 |       ||     4
Throw: Dart              |       |       |     3 ||     3
 Cast: Confusing Touch   |     1 |    10 |     4 ||    15
  Use: Scroll            |     1 |     6 |     5 ||    12
       Potion            |       |     1 |       ||     1
 Stab: Sleeping          |    21 |    25 |    10 ||    56
       Confused          |     1 |     6 |     4 ||    11
       Invisible         |       |     1 |       ||     1
       Distracted        |       |       |     1 ||     1
Armor: Robe              |     1 |       |       ||     1
       Leather armour    |     4 |    47 |    24 ||    75
Dodge: Dodged            |    45 |    98 |    31 ||   174
Block: Buckler           |       |    17 |    12 ||    29
